 Dungeon Crawl Stone Soup version 0.26.1-11-gd32895ea62 (webtiles) character file.

Game seed: 17008568873155378464

58 dtburroughs the Chopper (level 3, -4/33 HPs)
             Began as a Minotaur Berserker on May 19, 2021.
             Was a Believer of Trog.
             Slain by an orc warrior
             ... wielding a +0 glaive
              (23 damage)
             ... on level 2 of the Dungeon.
             The game lasted 00:02:04 (1113 turns).

dtburroughs the Chopper (Minotaur Berserker)        Turns: 1113, Time: 00:02:05

Health: -4/33      AC:  9    Str: 21    XL:     3   Next: 75%
Magic:  2/2        EV:  8    Int:  5    God:    Trog [**....]
Gold:   121        SH:  0    Dex:  9    Spells: 2/2 levels left

rFire    . . .     SeeInvis .   a - +0 hand axe
rCold    . . .     Faith    .   (no shield)
rNeg     . . .     Spirit   .   h - +0 chain mail
rPois    .         Reflect  .   (helmet restricted)
rElec    .         Harm     .   (no cloak)
rCorr    .         Rampage  .   (no gloves)
Will     ++...                  (no boots)
Stlth    ..........             (no amulet)
HPRegen  1.11/turn              (no ring)
MPRegen  0.08/turn              (no ring)

@: lethally poisoned (-4 -> -4), regenerating (expiring)
A: retaliatory headbutt, horns 2
a: Renounce Religion, Berserk, Trog's Hand


You were on level 2 of the Dungeon.
You worshipped Trog.
Trog was pleased with you.
You visited 1 branch of the dungeon, and saw 2 of its levels.

You collected 121 gold pieces.

Inventory:

Hand Weapons
 a - a +0 hand axe (weapon)
Armour
 h - a +0 chain mail (worn)
Jewellery
 c - an uncursed amulet of regeneration {unknown}
 k - an uncursed ring of see invisible {unknown}
Scrolls
 b - 2 scrolls of magic mapping {unknown}
 d - 3 scrolls of remove curse {unknown}
 e - a scroll of teleportation {unknown}
 f - 2 scrolls of enchant weapon {unknown}
 i - a scroll of identify {unknown}
Potions
 g - a potion of curing {unknown}
 j - a potion of lignification {unknown}


   Skills:
 + Level 4.2 Fighting
 + Level 4.2 Axes
 + Level 3.2 Armour
 + Level 3.0 Dodging


You had 2 spell levels left.
You didn't know any spells.
Your spell library was empty.

Dungeon Overview and Level Annotations

Branches:
Dungeon (2/15)

Altars:


Innate Abilities, Weirdness & Mutations

You reflexively headbutt those who attack you in melee.
You have a pair of horns on your head.


Message History

The adder bites you but does no damage. The orc warrior completely misses you.
The adder bites you but does no damage.
You completely miss the adder.
The adder is moderately wounded.
You feel sick. The adder bites you but does no damage.
The orc warrior hits you from afar with a +0 glaive!
You feel sick. The adder bites you but does no damage.
There is an open door here.
The adder bites you but does no damage.
Your skin crawls.
You feel strong-willed.
You feel sick. The adder closely misses you.
You feel the effects of Trog's Hand fading.
The adder barely misses you. You furiously retaliate!
You headbutt the adder. You closely miss the adder.
Your headbutt misses the adder.
The adder is heavily wounded.
The adder barely misses you.
The orc warrior hits you from afar with a +0 glaive!!
Ouch! That really hurt!
You die...

.≈.[.....<#######.##
.≈≈.......# ####.#
≈≈≈#......####....#
≈≈≈≈..............#
≈≈.....##.####.##.#
≈≈≈≈..###.####.##.#
..≈≈#.###.........#
..###.....####.#..## #
#.....oS@..#
.....##.###### #####
.## #.(.o..# ##.'†.
#..###.## ##..##.
###..#..# ##.#..#.
#..###.# ##.#..###
####..#..# ##.#.....#
#.#..###...##.#..#..##
#.###..#..##.#..#.##..


You could see an orc warrior and an adder.

Vanquished Creatures
  2 adders (D:2)
  2 oozes
  A worm (D:2)
  A dart slug (D:1)
  2 leopard geckos (D:1)
  A giant cockroach (D:2)
  4 hobgoblins
  4 kobolds
  3 bats (D:1)
  3 frilled lizards
  A goblin (D:1)
  5 rats
29 creatures vanquished.

Notes
Turn   | Place    | Note
-------+----------+-------------------------------------------
     0 | D:1      | dtburroughs the Minotaur Berserker began the quest for the
                  | Orb.
     0 | D:1      | Reached XP level 1. HP: 19/19 MP: 0/0
   132 | D:1      | Reached XP level 2. HP: 27/27 MP: 1/1
   756 | D:2      | Reached XP level 3. HP: 33/33 MP: 2/2
  1033 | D:2      | Reached ** piety under Trog
  1098 | D:2      | Noticed an orc warrior
  1113 | D:2      | Slain by an orc warrior

Illustrated notes

Levels and vault maps discovered:
D:1:      heliophobic_arrival_glass_houses, layout_rooms, minmay_heptomino_l4
D:2:      minmay_razor_zed, layout_loops_ring, serial_rivers,
          chequers_serial_rivers_micro_d, chequers_serial_rivers_large_a,
          chequers_serial_rivers_room_b, chequers_serial_rivers_room_b,
          chequers_serial_rivers_marsh, chequers_serial_rivers_small_3

Skill      XL: |  1  2  3 |
---------------+----------+-----
Fighting       | 4 |  4.2
Axes           | 4 |  4.2
Armour         | 3 |  3.2
Dodging        | 3 |  3.0

Action                   || total
-------------------------++-------
Melee: Hand axe          ||    72
       Headbutt          ||     6
Invok: Trog's Hand       ||     1
Armor: Animal skin       ||     8
       Chain mail        ||    29
Dodge: Dodged            ||    37
